 Dungeon Crawl Stone Soup version 0.30-a0-618-gd6c86c23d0 (webtiles) character file.

Game seed: 556745286482381603

32099 themarg the Martial Artist (level 13, -10/121 HPs)
             Began as a Gnoll Transmuter on Jan 10, 2023.
             Was an Initiate of Gozag.
             Killed from afar by an oklob plant (30 damage)
             ... with a splash of acid
             ... on level 3 of the Lair of Beasts.
             The game lasted 00:38:50 (15851 turns).

themarg the Martial Artist (Gnoll Transmuter)      Turns: 15851, Time: 00:38:51

Health: -10/121    AC: 10    Str:  9    XL:     13   Next: 62%
Magic:  25/27      EV: 34    Int: 24    God:    Gozag
Gold:   2143       SH:  0    Dex: 13    Spells: 18/32 levels left

rFire   x . .      SeeInvis .      - Unarmed
rCold   + + +      Faith    .    (shield currently unavailable)
rNeg    . . .      Spirit   .    (body armour currently unavailable)
rPois   +          Reflect  .    (helmet currently unavailable)
rElec   .          Harm     .    (cloak currently unavailable)
rCorr   .          Rampage  .    (gloves currently unavailable)
Will    +....                    (boots currently unavailable)
Stlth   ++++                     y - amulet of the acrobat
HPRegen 0.40/turn                D - +5 ring of evasion
MPRegen 0.20/turn                J - ring "Xidghim" {Will+ Int+6 Slay+3}

@: ice-form, acrobatic
A: freezing attack, amphibious, boosted hp, large, (fangs 1), strong nose,
distributed training
a: End Transformation, Renounce Religion, Potion Petition, Call Merchant, Bribe
Branch


You were on level 3 of the Lair of Beasts.
You worshipped Gozag.
Gozag was most pleased with you.
You were a creature of crystalline ice.
You visited 3 branches of the dungeon, and saw 17 of its levels.

You collected 3384 gold pieces.
You spent 160 gold pieces at shops.
You paid 1081 gold pieces to Gozag.

Inventory:

Missiles
 c - 174 stones
 A - 2 throwing nets
 G - 30 poisoned darts
 K - 5 boomerangs
 M - a curare-tipped dart
 R - 3 silver javelins
Armour
 a - a +0 robe (melded)
 e - a +1 cloak of willpower (melded)
 U - a +0 helmet (melded)
Jewellery
 d - an amulet of magic regeneration
 f - a ring of fire
 y - an amulet of the acrobat (around neck)
 C - a ring of poison resistance
 D - a +5 ring of evasion (left front paw)
 F - a ring of willpower
 I - a ring of fire
 J - the ring "Xidghim" (right front paw) {Will+ Int+6 Slay+3}
   (You found it on level 7 of the Dungeon)

   [ring of intelligence]

   Int:       It affects your intelligence (+6).
   Slay:      It affects your accuracy & damage with ranged weapons and melee
   (+3).
   Will:      It increases your willpower.
 S - an amulet of guardian spirit
 W - a +5 ring of evasion
Wands
 o - a wand of polymorph (5)
 t - a wand of flame (16) (quivered)
 P - a wand of digging (16)
 T - a wand of mindburst (2)
Scrolls
 g - 2 scrolls of vulnerability
 h - a scroll of torment
 j - 3 scrolls of poison
 l - 13 scrolls of teleportation
 m - a scroll of magic mapping {unknown}
 q - a scroll of identify
 r - 2 scrolls of enchant armour {unknown}
 s - 5 scrolls of enchant weapon
 B - 2 scrolls of fog
 L - a scroll of immolation {unknown}
 O - a scroll of amnesia {unknown}
 Q - 2 scrolls of fear {unknown}
 V - 2 scrolls of blinking {unknown}
Potions
 b - 2 potions of lignification
 i - a potion of ambrosia {unknown}
 k - a potion of flight {unknown}
 n - 15 potions of curing
 p - 2 potions of resistance {unknown}
 u - 7 potions of brilliance
 v - 8 potions of attraction
 w - 4 potions of heal wounds
 x - a potion of invisibility
 z - 2 potions of cancellation {unknown}
 E - a potion of magic {unknown}
 H - a potion of haste {unknown}
 N - a potion of mutation {unknown}


   Skills:
 + Level 9.2 Fighting
 + Level 8.8 Short Blades
 + Level 8.8 Long Blades
 + Level 8.8 Axes
 + Level 8.8 Maces & Flails
 + Level 8.8 Polearms
 + Level 8.8 Staves
 + Level 8.8 Ranged Weapons
 + Level 8.8 Throwing
 + Level 8.8 Armour
 + Level 9.9 Dodging
 + Level 8.8 Stealth
 + Level 8.8 Shields
 + Level 10.9 Unarmed Combat
 + Level 10.1 Spellcasting
 + Level 7.3 Conjurations
 + Level 7.3 Hexes
 + Level 7.3 Summonings
 + Level 7.3 Necromancy
 + Level 7.3 Translocations
 + Level 8.3 Transmutations
 + Level 7.3 Fire Magic
 + Level 7.3 Ice Magic
 + Level 7.3 Air Magic
 + Level 7.3 Earth Magic
 + Level 7.3 Poison Magic
 + Level 9.6 Invocations
 + Level 8.8 Evocations


You had 18 spell levels left.
You knew the following spells:

 Your Spells              Type           Power      Damage    Failure   Level
a - Beastly Appendage     Tmut           100%       N/A       1%          1
b - Wereblood             Tmut           51%        N/A       1%          2
c - Spider Form           Tmut/Pois      49%        N/A       1%          3
d - Ice Form              Ice/Tmut       49%        N/A       1%          4
e - Leda's Liquefaction   Hex/Erth       23%        N/A       2%          4

Your spell library contained the following spells:

 Spells                   Type           Power      Damage    Failure   Level
 Apportation              Tloc           94%        N/A       1%          1
 Necrotise                Necr           100%       1d9       1%          1
 Summon Small Mammal      Summ           100%       N/A       1%          1
 Gell's Gravitas          Tloc           47%        N/A       1%          3
 Hailstorm                Conj/Ice       47%        3d11      1%          3
 Lesser Beckoning         Tloc           94%        N/A       1%          3
 Ozocubu's Armour         Ice            47%        N/A       1%          3
 Teleport Other           Tloc           47%        N/A       1%          3
 Vhi's Electric Charge    Tloc/Air       94%        N/A       1%          3
 Arcjolt                  Conj/Air       23%        1d33      7%          5
 Lee's Rapid Deconstruct  Erth           23%        3d13*     7%          5
 Metabolic Englaciation   Hex/Ice        23%        N/A       7%          5
 Statue Form              Tmut/Erth      32%        N/A       32%         6
 Maxwell's Capacitive Co  Air            23%        ∞         100%        8
 Simulacrum               Ice/Necr       Unusable   N/A       N/A         6

Dungeon Overview and Level Annotations

Branches:
Dungeon (13/15)            Temple (1/1) D:4            Lair (3/5) D:11
  Swamp (0/4) Lair:3       Spider (0/4) Lair:2          Orc (0/2) D:11
 Vaults (0/5) D:13

Altars:
Ashenzari
Cheibriados
Dithmenos
Elyvilon
Fedhas
Gozag
Hepliaklqana
Kikubaaqudgha
Makhleb
Nemelex Xobeh
Okawaru
Qazlal
Ru
Sif Muna
Trog
Uskayaw
Vehumet
Wu Jian
Xom
Yredelemnul
Zin
The Shining One

Shops:
D:3 !   D:7 (   D:11 ([

Annotations:
D:13 exclusion: gargoyle
Lair:3 exclusion: 2 oklob plants


Innate Abilities, Weirdness & Mutations

You are a creature of crystalline ice.
You have a powerful freezing melee attack.
You are amphibious.
Your maximum health is increased.
Your armour is entirely melded.
You are incapable of wielding weapons or throwing items.
((You have very sharp teeth.))
Your uncanny sense of smell can sniff out nearby items.
Your experience applies equally to all skills.


Message History

Your +0 helmet unmelds from your body.
Your +0 robe unmelds from your body.
You feel strong-willed.
You start resting.
HP restored.
Okay, then.
You turn into a creature of crystalline ice.
Your +1 cloak of willpower melds into your body.
Your +0 helmet melds into your body.
Your +0 robe melds into your body.
You feel less strong-willed.
Really walk into a travel-excluded area?
Aiming: Mindburst
Press: ? - help, Shift-Dir - straight line, f - oklob plant
Aim: an oklob plant (unaware, hasn't noticed you, not susceptible)
The oklob plant is unaffected.
The oklob plant spits acid at you. The splash of acid hits you!!
The oklob plant spits acid at you. The splash of acid misses you.
Things that are here:
3 gold pieces; a phial of floods You see here 27 gold pieces.
You hit the oklob plant. You freeze the oklob plant.
The oklob plant is lightly damaged.
The oklob plant spits acid at you. The splash of acid hits you!!
You punch the oklob plant! You freeze the oklob plant.
The oklob plant is moderately damaged.
The oklob plant spits acid at you. The splash of acid hits you!!
The oklob plant spits acid at you. The splash of acid hits you!!
Things that are here:
3 gold pieces; a phial of floods The oklob plant spits acid at you.
The splash of acid hits you!!
* * * LOW HITPOINT WARNING * * *
The oklob plant spits acid at you. The splash of acid hits you!!
You die...
Your body crumbles into a pile of gold.

.....## ##............##..#......
......####............###........
........##...[.......##..........
.................................
...............................P#
#..............................##
###.........................#.##
#.#.......................####
#####..........Y.......P.##
###...#..P.#.......###
#...#$($$#......##
#...#?..$#.....##
##..#...P#.....# #..#P.$[#.....#
#..######.....###
##.............#.#
#...#######.....##


You could see 2 oklob plants.

Vanquished Creatures
  A vault guard (D:13)
  2 boulder beetles
  A centaur warrior (D:13)
  9 death yaks (Lair:2)
  3 two-headed ogres
  A deep troll (Lair:2)
  A lindwurm (Lair:3)
  A necromancer (Lair:2)
  A deep elf pyromancer (D:13)
  An orc knight (D:11)
  2 cyclopes
  An oklob plant (Lair:3)
  A manticore (D:13)
  2 black mambas
  The ghost of tinescath the Gusty, a novice TeAE (D:5)
  5 cane toads
  3 komodo dragons
  2 unseen horrors
  A kobold demonologist (D:9)
  4 trolls
  2 vampires
  A wyvern (D:9)
  3 culicivoras (Lair:2)
  A shadow (D:11)
  2 wraiths (D:9)
  Eustachio (D:6)
  30 yaks
  5 basilisks
  3 vampire mosquitoes (D:11)
  A steam dragon (D:9)
  3 acid dragons
  10 water moccasins
  5 orc warriors
  3 black bears
  An ogre (D:4)
  6 centaurs
  9 wolves
  3 kobold brigands
  14 bullfrogs
  A scorpion (D:6)
  5 wights (D:8)
  25 killer bees
  4 howler monkeys
  2 electric eels (D:11)
  8 orc priests
  8 hounds
  2 gnoll boudas
  A jelly (D:6)
  Jessica (D:2)
  3 iguanas
  7 orc wizards
  2 polar bear simulacra (Lair:2)
  3 wolf simulacra (Lair:2)
  3 yak simulacra (Lair:2)
  3 adders
  19 gnolls
  A shadow imp (D:7)
  2 white imps
  An ufetubus (D:6)
  5 worms
  2 dart slugs
  32 orcs
  5 ball pythons
  12 endoplasms
  3 giant cockroaches
  8 hobgoblins
  12 kobolds
  6 quokkas
  8 bats
  4 frilled lizards
  6 goblins
  5 rats
  3 river rat simulacra (Lair:2)
358 creatures vanquished.

Vanquished Creatures (others)
  3 fungi
  14 plants
17 creatures vanquished.

Grand Total: 375 creatures vanquished

Notes
Turn   | Place    | Note
-------+----------+-------------------------------------------
     0 | D:1      | themarg the Gnoll Transmuter began the quest for the Orb.
     0 | D:1      | Reached XP level 1. HP: 17/17 MP: 6/6
   107 | D:1      | Reached XP level 2. HP: 23/23 MP: 5/7
   110 | D:1      | Learned a level 2 spell: Wereblood
   619 | D:1      | Reached skill level 5 in Spellcasting
   619 | D:1      | Reached XP level 3. HP: 28/28 MP: 6/9
   623 | D:1      | Learned a level 3 spell: Spider Form
  1022 | D:2      | Reached skill level 1 in Invocations
  1219 | D:2      | Reached skill level 1 in Short Blades
  1219 | D:2      | Reached skill level 1 in Long Blades
  1219 | D:2      | Reached skill level 1 in Axes
  1219 | D:2      | Reached skill level 1 in Maces & Flails
  1219 | D:2      | Reached skill level 1 in Polearms
  1219 | D:2      | Reached skill level 1 in Staves
  1219 | D:2      | Reached skill level 1 in Ranged Weapons
  1219 | D:2      | Reached skill level 1 in Throwing
  1219 | D:2      | Reached skill level 1 in Armour
  1219 | D:2      | Reached skill level 1 in Stealth
  1219 | D:2      | Reached skill level 1 in Shields
  1219 | D:2      | Reached skill level 1 in Evocations
  1385 | D:2      | Noticed Jessica
  1391 | D:2      | Killed Jessica
  1392 | D:2      | Reached XP level 4. HP: 29/34 MP: 11/11
  1601 | D:2      | Reached skill level 1 in Conjurations
  1601 | D:2      | Reached skill level 1 in Hexes
  1601 | D:2      | Reached skill level 1 in Summonings
  1601 | D:2      | Reached skill level 1 in Necromancy
  1601 | D:2      | Reached skill level 1 in Translocations
  1601 | D:2      | Reached skill level 1 in Fire Magic
  1601 | D:2      | Reached skill level 1 in Ice Magic
  1601 | D:2      | Reached skill level 1 in Air Magic
  1601 | D:2      | Reached skill level 1 in Earth Magic
  1601 | D:2      | Reached skill level 1 in Poison Magic
  2138 | D:3      | Reached XP level 5. HP: 38/40 MP: 10/12
  2163 | D:3      | Found Wihaes's Distillery.
  2180 | D:3      | Bought a potion of heal wounds for 50 gold pieces
  2180 | D:3      | Bought a potion of invisibility for 80 gold pieces
  2180 | D:3      | Bought a potion of curing for 30 gold pieces
  2342 | D:3      | Found a faded altar of an unknown god.
  2750 | D:4      | Found a radiant altar of Vehumet.
  2751 | D:4      | Noticed an ogre
  2757 | D:4      | Killed an ogre
  2758 | D:4      | Reached XP level 6. HP: 47/47 MP: 10/14
  2796 | D:4      | Found a staircase to the Ecumenical Temple.
  2803 | Temple   | Entered the Ecumenical Temple
  2888 | Temple   | Became a worshipper of Gozag Ym Sagoz the Greedy
  2947 | D:4      | Reached skill level 5 in Dodging
  3602 | D:5      | Entered Level 5 of the Dungeon
  3669 | D:5      | Noticed a black bear
  3677 | D:5      | Killed a black bear
  3678 | D:5      | Reached XP level 7. HP: 37/52 MP: 13/15
  3846 | D:5      | Found a runed translucent gate.
  3846 | D:5      | Found a runed translucent gate.
  3846 | D:5      | Found a runed translucent gate.
  3847 | D:5      | Noticed tinescath's ghost (novice TeAE)
  4414 | D:5      | Killed tinescath's ghost
  4415 | D:5      | Reached XP level 8. HP: 60/60 MP: 16/16
  4802 | D:6      | Found a shadowy altar of Dithmenos.
  5101 | D:6      | Reached skill level 5 in Transmutations
  5280 | D:6      | Reached XP level 9. HP: 59/66 MP: 15/18
  5326 | D:6      | Learned a level 4 spell: Ice Form
  5468 | D:6      | Noticed Eustachio
  5533 | D:6      | Killed Eustachio
  5722 | D:7      | Found a shimmering blue altar of Sif Muna.
  5760 | D:7      | Identified the ring "Xidghim" {Will+ Int+6 Slay+3}
  5808 | D:7      | Found a stormy altar of Qazlal.
  5901 | D:7      | Reached skill level 5 in Fighting
  6475 | D:7      | Found Gikhoeps's Weapon Shoppe.
  6909 | D:8      | Found a bloodstained altar of Trog.
  6945 | D:8      | Reached skill level 5 in Invocations
  7776 | D:8      | Reached skill level 5 in Short Blades
  7776 | D:8      | Reached skill level 5 in Long Blades
  7776 | D:8      | Reached skill level 5 in Axes
  7776 | D:8      | Reached skill level 5 in Maces & Flails
  7776 | D:8      | Reached skill level 5 in Polearms
  7776 | D:8      | Reached skill level 5 in Staves
  7776 | D:8      | Reached skill level 5 in Ranged Weapons
  7776 | D:8      | Reached skill level 5 in Throwing
  7776 | D:8      | Reached skill level 5 in Armour
  7776 | D:8      | Reached skill level 5 in Stealth
  7776 | D:8      | Reached skill level 5 in Shields
  7776 | D:8      | Reached skill level 5 in Evocations
  7776 | D:8      | Reached XP level 10. HP: 76/76 MP: 15/20
  7824 | D:8      | Noticed a two-headed ogre
  7829 | D:8      | Killed a two-headed ogre
  8105 | D:9      | Noticed a kobold demonologist
  8134 | D:9      | Killed a kobold demonologist
  8540 | D:9      | Found an ancient bone altar of Kikubaaqudgha.
  8627 | D:9      | Found a white marble altar of Elyvilon.
  8670 | D:9      | Reached skill level 5 in Conjurations
  8670 | D:9      | Reached skill level 5 in Hexes
  8670 | D:9      | Reached skill level 5 in Summonings
  8670 | D:9      | Reached skill level 5 in Necromancy
  8670 | D:9      | Reached skill level 5 in Translocations
  8670 | D:9      | Reached skill level 5 in Fire Magic
  8670 | D:9      | Reached skill level 5 in Ice Magic
  8670 | D:9      | Reached skill level 5 in Air Magic
  8670 | D:9      | Reached skill level 5 in Earth Magic
  8670 | D:9      | Reached skill level 5 in Poison Magic
  8794 | D:9      | Reached XP level 11. HP: 83/83 MP: 17/22
  9117 | D:10     | Entered Level 10 of the Dungeon
  9948 | D:11     | Noticed a two-headed ogre
  9957 | D:11     | Killed a two-headed ogre
 10055 | D:11     | You fall into a shaft and drop 2 floors!
 10178 | D:13     | Noticed a deep elf pyromancer
 10182 | D:13     | Killed a deep elf pyromancer
 10183 | D:13     | Noticed a centaur warrior
 10186 | D:13     | Noticed a manticore
 10189 | D:13     | Killed a manticore
 10191 | D:13     | Noticed a vault guard
 10194 | D:13     | Noticed a cyclops
 10210 | D:13     | Killed a cyclops
 10216 | D:13     | Killed a vault guard
 10221 | D:13     | Killed a centaur warrior
 10390 | D:13     | Found a gate to the Vaults.
 10464 | D:13     | Noticed a death knight
 10464 | D:13     | Noticed a skeletal warrior
 10465 | D:13     | Noticed a phantasmal warrior
 10603 | D:11     | Reached XP level 12. HP: 91/91 MP: 21/24
 10813 | D:11     | Noticed a boulder beetle
 10833 | D:11     | Killed a boulder beetle
 10900 | D:11     | Found a staircase to the Orcish Mines.
 10900 | D:11     | Found Faokkyd's Armour Shop.
 10900 | D:11     | Found Uzaulost's Weapon Shop.
 11166 | D:11     | Reached skill level 10 in Unarmed Combat
 11254 | D:11     | Noticed a two-headed ogre
 11262 | D:11     | Killed a two-headed ogre
 11305 | D:11     | Found a staircase to the Lair.
 11562 | D:11     | Learned a level 4 spell: Leda's Liquefaction
 11593 | Lair:1   | Entered Level 1 of the Lair of Beasts
 13102 | Lair:2   | Noticed a death yak
 13102 | Lair:2   | Noticed a death yak
 13102 | Lair:2   | Noticed a death yak
 13102 | Lair:2   | Noticed a death yak
 13104 | Lair:2   | Noticed a death yak
 13105 | Lair:2   | Noticed a death yak
 13129 | Lair:2   | Killed a death yak
 13132 | Lair:2   | Killed a death yak
 13141 | Lair:2   | Killed a death yak
 13142 | Lair:2   | Reached XP level 13. HP: 70/99 MP: 24/26
 13406 | Lair:2   | Found a hole to the Spider Nest.
 14333 | Lair:3   | Reached skill level 10 in Spellcasting
 14723 | Lair:3   | Found a staircase to the Swamp.
 15851 | Lair:3   | Killed from afar by an oklob plant

Illustrated notes

Levels and vault maps discovered:
D:1:      eino_arrival_water_cross, layout_loops_ring
D:2:      layout_loops_ring, serial_co_window_serial, co_window_paths_a,
          co_window_paths_a, co_window_of_opportunity_a, co_window_paths_b,
          co_window_cross_1, co_window_paths_b, co_window_paths_b,
          co_window_2corner, co_window_of_opportunity_b, co_window_corner_cb,
          co_window_cross_3, co_window_corner_b, glass_columns_a,
          glass_columns_a, minmay_pentomino_t2, uniq_jessica
D:3:      layout_rooms, serial_shops, nicolae_shop_hallway_plus,
          shapermc_ecumenical_altar_totnotflames
D:4:      layout_loops_ring, mainiacjoe_overflow_paths,
          minmay_temple_entry_butterflies
D:5:      layout_loops_ring, ebering_ghost_rock_garden
D:6:      layout_rooms, mainiacjoe_overflow_24_doors, uniq_eustachio
D:7:      layout_loops_cross, nicolae_overflow_crystal_walls,
          grunt_qazlal_clouds, serial_shops, nicolae_shop_bloodbath_and_beyond,
          minmay_fountain_box
D:8:      layout_loops_corners, mainiacjoe_overflow_catwalk,
          hangedman_decor_lopped
D:9:      minmay_bubble_buster, layout_loops_cross, old_standard_altar,
          mainiacjoe_overflow_cross_hatched
D:10:     layout_roguey
D:11:     layout_big_octagon, erik_lair_island, orc_david_3,
          dreamdust_princess_bridge
D:12:     layout_basic, special_room [special_room_orc]
D:13:     layout_roguey, david_vaults_5, uniq_nessos
Temple:   regret_index_temple_waves
Lair:1:   layout_chaotic_city
Lair:2:   dreamdust_cave_troll, layout_gridlike,
          hellmonk_spider_entry_life_and_decay, eino_house_with_fridge
Lair:3:   minmay_lair_oklob_chamber, layout_hall_layers, swamp_mist,
          nzn_sisyphean_effort, lemuel_fruit_tree

Skill      XL: |  1  2  3  4  5  6  7  8  9 10 11 12 13 |
---------------+----------------------------------------+-----
Spellcasting   | 5 6 7 8 9 10 | 10.1
Invocations    | 1 2 3 4 5 6 7 8 9 |  9.6
Short Blades   | 1 2 3 5 6 7 8 |  8.8
Long Blades    | 1 2 3 5 6 7 8 |  8.8
Axes           | 1 2 3 5 6 7 8 |  8.8
Maces & Flails | 1 2 3 5 6 7 8 |  8.8
Polearms       | 1 2 3 5 6 7 8 |  8.8
Staves         | 1 2 3 5 6 7 8 |  8.8
Ranged Weapons | 1 2 3 5 6 7 8 |  8.8
Throwing       | 1 2 3 5 6 7 8 |  8.8
Armour         | 1 2 3 5 6 7 8 |  8.8
Stealth        | 1 2 3 5 6 7 8 |  8.8
Shields        | 1 2 3 5 6 7 8 |  8.8
Evocations     | 1 2 3 5 6 7 8 |  8.8
Conjurations   | 1 2 3 4 5 6 7 |  7.3
Hexes          | 1 2 3 4 5 6 7 |  7.3
Summonings     | 1 2 3 4 5 6 7 |  7.3
Necromancy     | 1 2 3 4 5 6 7 |  7.3
Translocations | 1 2 3 4 5 6 7 |  7.3
Fire Magic     | 1 2 3 4 5 6 7 |  7.3
Ice Magic      | 1 2 3 4 5 6 7 |  7.3
Air Magic      | 1 2 3 4 5 6 7 |  7.3
Earth Magic    | 1 2 3 4 5 6 7 |  7.3
Poison Magic   | 1 2 3 4 5 6 7 |  7.3
Fighting       | 3 4 5 6 7 8 9 |  9.2
Transmutations | 4 5 6 7 8 |  8.3
Dodging        | 5 6 7 8 9 |  9.9
Unarmed Combat | 7 8 9 10 | 10.9

Action                   |  1- 3 |  4- 6 |  7- 9 | 10-12 | 13-15 || total
-------------------------+-------+-------+-------+-------+-------++-------
Melee: Unarmed           |    85 |   105 |   256 |   403 |   176 ||  1025
       Kick              |    16 |     4 |       |       |       ||    20
       Headbutt          |     6 |     5 |       |       |       ||    11
       Bite              |     3 |     1 |       |       |       ||     4
       Punch             |     1 |     1 |       |     1 |     1 ||     4
 Cast: Beastly Appendage |    26 |    11 |       |       |       ||    37
       Wereblood         |     2 |     3 |     8 |    15 |     1 ||    29
       Spider Form       |     1 |    16 |    21 |     2 |     2 ||    42
       Ice Form          |       |       |    12 |    35 |    15 ||    62
       Leda's Liquefacti |       |       |       |     6 |     1 ||     7
Invok: Potion Petition   |       |       |       |     2 |       ||     2
Evoke: Wand              |       |       |     2 |     4 |     6 ||    12
  Use: Scroll            |       |     4 |     1 |     2 |     3 ||    10
       Potion            |       |       |     1 |     3 |     7 ||    11
 Stab: Sleeping          |     1 |     2 |     4 |     7 |     1 ||    15
       Distracted        |       |       |     1 |     3 |     2 ||     6
Armor: Robe              |    24 |     1 |     1 |       |       ||    26
       Skin              |       |     1 |    25 |    66 |    41 ||   133
Dodge: Dodged            |    54 |    61 |   229 |   309 |   143 ||   796

Table legend: (Time is in decaauts)
 A = Elapsed time spent in this place.
 B = Non-inter-level travel time spent in this place.
 C = Inter-level travel time spent in this place.
 D = Time resting spent in this place.
 E = Time spent auto-exploring this place.
 F = Levels seen in this place.
 G = Mean time per level.
                   A        B        C        D        E       F      G
               +--------+--------+--------+--------+--------+-----+--------+
         Total |  15682 |  15286 |    396 |   1155 |  11381 |  17 |  922.5 |
       Dungeon |  11356 |  11035 |    321 |    221 |   8733 |  13 |  873.5 |
        Temple |    110 |    110 |      0 |      0 |     81 |   1 |  110.0 |
          Lair |   4215 |   4140 |     75 |    934 |   2567 |   3 | 1405.0 |
               +--------+--------+--------+--------+--------+-----+--------+

Top non-repeatable levels by time:
  Lair:2: 2093 daAuts
     D:8: 1353 daAuts
  Lair:3: 1313 daAuts
     D:2: 1187 daAuts
    D:11: 1139 daAuts
     D:9: 1123 daAuts
     D:6: 1075 daAuts
     D:7: 1008 daAuts
     D:4: 917 daAuts
     D:5: 901 daAuts
     D:1: 844 daAuts
  Lair:1: 808 daAuts
    D:10: 803 daAuts
     D:3: 520 daAuts
    D:13: 385 daAuts
